 Seeded DCSS version 0.26-a0-1184-g95e395e (webtiles) character file.

Game seed: 7608654473932092102 (custom seed)

3188 MercyWheel the Grappler (level 9, 0/88 HPs)
             Began as a Troll Arcane Marksman on Dec 27, 2020.
             Was an Initiate of Okawaru.
             Slain by Harold
             ... wielding a +2 flail of venom
              (17 damage)
             ... on level 7 of the Dungeon.
             The game lasted 00:17:57 (5368 turns).

MercyWheel the Grappler (Troll Arcane Marksman)     Turns: 5368, Time: 00:17:57

Health: 0/88       AC:  8    Str: 20    XL:     9   Next: 64%
Magic:  9/9        EV: 10    Int: 13    God:    Okawaru [......]
Gold:   293        SH:  0    Dex: 12    Spells: 6/10 levels left

rFire    . . .     SeeInvis .     - Unarmed
rCold    . . .     Faith    .   (no shield)
rNeg     . . .     Spirit   .   a - +0 robe
rPois    .         Reflect  .   H - +1 hat {Int+3}
rElec    .         Harm     .   y - +0 cloak
rCorr    .         Rampage  .   (gloves unavailable)
Will     .....                  (boots unavailable)
Stlth    ++........             f - amulet of regeneration
HPRegen  1.04/turn              v - ring of stealth
MPRegen  0.11/turn              (no ring)

@: lethally poisoned (0 -> -2), marked, attractive
A: large, unfitting armour, claws 3, regeneration 1, shaggy fur 1, tough skin 3
a: Renounce Religion


You were on level 7 of the Dungeon.
You worshipped Okawaru.
Okawaru was noncommittal.
You visited 2 branches of the dungeon, and saw 8 of its levels.

You collected 293 gold pieces.

Inventory:

Missiles
 c - 4 large rocks
 d - 3 throwing nets (quivered)
 e - 8 boomerangs
Armour
 a - a +0 robe (worn)
 y - a +0 cloak (worn)
 H - a +1 hat of intelligence (worn)
Jewellery
 f - an amulet of regeneration (around neck)
 v - a ring of stealth (left claw)
 w - an uncursed ring of fire
 D - an uncursed amulet of faith
 E - an uncursed amulet of guardian spirit
 F - an uncursed amulet of the acrobat
Wands
 s - a wand of paralysis (19)
 x - a wand of disintegration (6)
 G - a wand of acid (12)
Scrolls
 b - 5 scrolls of identify {unknown}
 h - a scroll of fog {unknown}
 j - 4 scrolls of teleportation {unknown}
 k - 3 scrolls of fear {unknown}
 n - a scroll of enchant armour {unknown}
 o - 3 scrolls of remove curse {unknown}
 p - a scroll of immolation {unknown}
 B - a scroll of magic mapping {unknown}
 C - a scroll of blinking {unknown}
Potions
 g - a potion of attraction
 i - 2 potions of might {unknown}
 l - 8 potions of heal wounds {unknown}
 m - 3 potions of ambrosia
 q - 2 potions of berserk rage {unknown}
 r - a potion of mutation {unknown}
 t - a potion of lignification {unknown}
 u - a potion of resistance {unknown}
 z - 2 potions of haste
 A - a potion of invisibility {unknown}
 I - a potion of magic {unknown}


   Skills:
 - Level 5.3 Fighting
 + Level 4.8 Throwing
 + Level 2.8 Dodging
 - Level 9.5 Unarmed Combat
 - Level 1.0 Spellcasting
 - Level 2.0 Hexes
 - Level 3.1 Translocations


You had 6 spell levels left.
You knew the following spells:

 Your Spells              Type           Power        Failure   Level
a - Corona                Hex            5%           12%         1
b - Portal Projectile     Hex/Tloc       14%          30%         3

Your spell library contained the following spells:

 Spells                   Type           Power        Failure   Level
 Slow                     Hex            5%           19%         2
 Inner Flame              Hex/Fire       3%           50%         3
 Cause Fear               Hex            2%           77%         4
 Leda's Liquefaction      Hex/Erth       1%           88%         4


Dungeon Overview and Level Annotations

Branches:
Dungeon (7/15)             Temple (1/1) D:7

Altars:
Ashenzari
Cheibriados
Dithmenos
Fedhas
Gozag
Hepliaklqana
Kikubaaqudgha
Makhleb
Nemelex Xobeh
Okawaru
Qazlal
Ru
Sif Muna
Trog
Vehumet
Xom
Yredelemnul
Zin
The Shining One

Annotations:
D:6 exclusion: downstairs
D:7 Harold


Innate Abilities, Weirdness & Mutations

You are too large for most types of armour.
You have claws for hands.
Your natural rate of healing is unusually fast.
You are covered in fur. (AC +1)
You have extremely tough skin. (AC +3)


Message History

Harold casts a spell at you.
You barely resist.
You're too confused to move!
You feel sick.
Harold hits you with a +2 flail of venom!
* * * LOW HITPOINT WARNING * * *
Okay, then.
You feel less invigorated.
You feel less confused.
You feel sick.
Harold says, "Bounty hunting has been great, but I can't wait to retire."
Harold hits you with a +2 flail of venom!
* * * LOW HITPOINT WARNING * * *
You are more poisoned.
You feel sick.
Okay, then.
It was a potion of attraction.
You feel attractive to monsters.
You feel sick.
Harold hits you with a +2 flail of venom!
You die...

.######## ......># ######
#.....# #._..# #.....# #....#
#.....#############..##
+.....'.......@.##.)..#
#<....#########@###..###
#.....# #J##.)...# ####.##
#.###..### #.#
#......#......###
######.#####......###..###.###
...........+......#_.....#..>#
.#####.#####....?.##8..8##..##
.# #.# #......#....#....#


You could see Harold and a jelly.

Vanquished Creatures
  Pikel (D:7)
  Joseph (D:7)
  2 orc warriors
  2 black bears (D:6)
  A phantom (D:6)
  2 centaurs (D:7)
  A lemure (D:6)
  2 bullfrogs (D:6)
  A wyvern zombie (D:7)
  2 scorpions
  3 killer bees (D:7)
  8 wights (D:7)
  5 hounds
  2 orc priests
  2 bullfrog skeletons
  6 orc wizards
  Crazy Yiuf (D:7)
  4 jellies
  2 iguanas
  Ijyb (D:4)
  A worker ant (D:4)
  A hound zombie (D:7)
  A hound skeleton (D:4)
  8 gnolls
  11 adders
  2 shadow imps
  2 white imps
  An ufetubus (D:5)
  2 adder zombies (D:6)
  4 oozes
  2 adder skeletons
  2 worms
  2 dart slugs
  5 leopard geckos
  31 orcs
  2 ball pythons
  6 bats
  6 giant cockroaches
  4 goblins
  6 hobgoblins
  6 jackals
  2 quokkas (D:3)
  5 frilled lizards
  A jackal skeleton (D:5)
  4 kobolds
  7 rats
173 creatures vanquished.

Vanquished Creatures (others)
  A howler monkey zombie (D:7)
  An orc (D:7)
2 creatures vanquished.

Grand Total: 175 creatures vanquished

Notes
Turn   | Place    | Note
-------+----------+-------------------------------------------
     0 | D:1      | MercyWheel the Troll Arcane Marksman began the quest for
                  | the Orb.
     0 | D:1      | Reached XP level 1. HP: 18/18 MP: 1/1
    37 | D:1      | Reached skill level 1 in Unarmed Combat
    67 | D:1      | Reached XP level 2. HP: 25/26 MP: 2/2
   137 | D:1      | Reached skill level 2 in Unarmed Combat
   435 | D:2      | Reached XP level 3. HP: 30/32 MP: 3/3
   522 | D:2      | Reached skill level 3 in Unarmed Combat
   644 | D:3      | Reached XP level 4. HP: 21/40 MP: 4/4
   688 | D:2      | Found a shadowy altar of Dithmenos.
   781 | D:3      | Found a stormy altar of Qazlal.
   841 | D:3      | Found a glowing golden altar of the Shining One.
   841 | D:3      | Found a hazy altar of Hepliaklqana.
   848 | D:3      | Reached skill level 4 in Unarmed Combat
  1213 | D:3      | Reached XP level 5. HP: 25/46 MP: 5/5
  1219 | D:3      | Reached skill level 5 in Unarmed Combat
  1626 | D:4      | Reached XP level 6. HP: 51/54 MP: 6/6
  1823 | D:4      | Reached skill level 6 in Unarmed Combat
  1942 | D:4      | Noticed Ijyb
  1942 | D:4      | Paralysed by Ijyb for 7 turns
  1954 | D:4      | Killed Ijyb
  2040 | D:5      | Entered Level 5 of the Dungeon
  2169 | D:5      | Reached XP level 7. HP: 53/61 MP: 7/7
  2664 | D:5      | Found a shimmering blue altar of Sif Muna.
  2868 | D:6      | Reached skill level 7 in Unarmed Combat
  2873 | D:6      | Reached skill level 1 in Fighting
  3155 | D:6      | Reached XP level 8. HP: 78/78 MP: 8/8
  3168 | D:6      | Learned a level 3 spell: Portal Projectile
  3206 | D:6      | Reached skill level 1 in Translocations
  3779 | D:7      | Found a blossoming altar of Fedhas.
  3842 | D:7      | Reached skill level 5 in Fighting
  3954 | D:7      | Noticed Pikel
  3955 | D:7      | Found a staircase to the Ecumenical Temple.
  4043 | D:7      | Killed Pikel
  4044 | D:7      | Reached skill level 8 in Unarmed Combat
  4044 | D:7      | Reached XP level 9. HP: 23/88 MP: 9/9
  4417 | D:7      | Reached skill level 9 in Unarmed Combat
  4426 | D:7      | Found a sacrificial altar of Ru.
  4662 | Temple   | Entered the Ecumenical Temple
  4809 | D:7      | Noticed Joseph
  4828 | D:7      | Killed Joseph
  4930 | D:7      | Found a burning altar of Makhleb.
  4940 | D:7      | Found an iron altar of Okawaru.
  4959 | D:7      | Became a worshipper of Warmaster Okawaru
  5060 | D:7      | Found a runed translucent door.
  5061 | D:7      | Noticed Crazy Yiuf
  5126 | D:7      | Killed Crazy Yiuf
  5350 | D:7      | Noticed Harold
  5368 | D:7      | Slain by Harold

Illustrated notes

Levels and vault maps discovered:
D:1:      dpeg_arrival_leaves_temple_mockup, layout_basic,
          wander_ebering_terrifying_dragon_lair
D:2:      layout_rooms, general_overflow_altar, st_stairs_7,
          grunt_dithmenos_smoke_and_mirrors
D:3:      layout_loops_ring, chequers_temple_overflow_statue_of_worship,
          grunt_qazlal_clouds
D:4:      layout_basic, uniq_ijyb
D:5:      layout_gridville, lemuel_round_altar
D:6:      layout_cave_pools
D:7:      lemuel_ice_spiral_2, layout_basic, lemuel_round_altar,
          old_standard_altar, old_standard_altar, minitemple,
          minmay_temple_entry_antechambers, kennysheep_generic_room_11,
          uniq_joseph, uniq_pikel, uniq_harold, uniq_crazy_yiuf_cottage
Temple:   nicolae_temple_hex_pool

Skill      XL: |  1  2  3  4  5  6  7  8  9 |
---------------+----------------------------+-----
Unarmed Combat | 1 2 3 4 5 6 7 8 9 |  9.5
Throwing       | 2 3 4 |  4.8
Fighting       | 4 5 |  5.3
Translocations | 2 3 |  3.1
Dodging        | 2 |  2.8
Spellcasting   | |  1.0
Hexes          | |  2.0

Action                   |  1- 3 |  4- 6 |  7- 9 || total
-------------------------+-------+-------+-------++-------
Melee: Unarmed           |    89 |   191 |   224 ||   504
       Punch             |     2 |       |     8 ||    10
Throw: Large rock        |     3 |     8 |     4 ||    15
       Boomerang         |       |     5 |    34 ||    39
       Throwing net      |       |     2 |     4 ||     6
Evoke: Wand              |       |       |     2 ||     2
  Use: Potion            |     2 |       |     2 ||     4
 Stab: Sleeping          |     1 |     3 |     1 ||     5
       Distracted        |       |       |     1 ||     1
Armor: Robe              |    46 |    47 |    54 ||   147
Dodge: Dodged            |    50 |    72 |   125 ||   247

Table legend: (Time is in decaauts)
 A = Elapsed time spent in this place.
 B = Non-inter-level travel time spent in this place.
 C = Inter-level travel time spent in this place.
 D = Time resting spent in this place.
 E = Time spent auto-exploring this place.
 F = Levels seen in this place.
 G = Mean time per level.
                   A        B        C        D        E       F      G
               +--------+--------+--------+--------+--------+-----+--------+
         Total |   5327 |   4875 |    452 |    507 |   3071 |   8 |  665.9 |
       Dungeon |   5225 |   4822 |    403 |    507 |   3018 |   7 |  746.4 |
        Temple |    102 |     53 |     49 |      0 |     53 |   1 |  102.0 |
               +--------+--------+--------+--------+--------+-----+--------+

Top non-repeatable levels by time:
     D:7: 1221 daAuts
     D:5: 927 daAuts
     D:6: 796 daAuts
     D:3: 751 daAuts
     D:4: 744 daAuts
     D:2: 395 daAuts
     D:1: 387 daAuts
  Temple: 102 daAuts
